 Dungeon Crawl Stone Soup version 0.29.1-12-g30fa7ad0bf (webtiles) character file.

Game seed: 9539080158790322475

23 concernfroge the Scratcher (level 2, -1/12 HPs)
             Began as a Felid Transmuter on Jan 15, 2023.
             Slain by an adder (3 damage)
             ... on level 2 of the Dungeon.
             The game lasted 00:02:03 (1357 turns).

concernfroge the Scratcher (Felid Transmuter)       Turns: 1357, Time: 00:02:04

Health: -1/12      AC:  1    Str:  6    XL:     2   Next: 75%
Magic:  15/15      EV: 17    Int: 14    God:
Gold:   92         SH:  0    Dex: 16    Spells: 2/5 levels left
                                        Lives:  0   Deaths: 0

rFire   . . .      SeeInvis +     - Unarmed
rCold   . . .      Faith    .   (shield unavailable)
rNeg    . . .      Spirit   .   (body armour unavailable)
rPois   .          Reflect  .   (helmet unavailable)
rElec   .          Harm     .   (cloak unavailable)
rCorr   .          Rampage  .   (gloves unavailable)
Will    .....                   (boots unavailable)
Stlth   ++........              (no amulet)
HPRegen 0.04/turn               b - ring of magical power
MPRegen 0.14/turn               (no ring)

@: lethally poisoned (-1 -> -3), appendages (expiring), quick
A: horns 2, very small, claws 1, fangs 3, see invisible, speed 1, shaggy fur 1,
stealthy paws, no weapons or thrown items, no armour, multi-lived
a: End Transformation


You were on level 2 of the Dungeon.
You had temporarily grown beastly horns.
You visited 1 branch of the dungeon, and saw 2 of its levels.

You collected 92 gold pieces.

Inventory:

Jewellery
 b - a ring of magical power (left paw)
 d - an amulet of reflection
Scrolls
 c - a scroll of identify {unknown}
Potions
 a - a potion of lignification
 e - 2 potions of curing {unknown}


   Skills:
 + Level 1.4 Fighting
 + Level 3.1 Dodging
 + Level 1.0 Stealth
 + Level 3.2 Unarmed Combat
 + Level 2.1 Spellcasting
 + Level 2.5 Transmutations


You had 2 spell levels left.
You knew the following spells:

 Your Spells              Type           Power      Damage    Failure   Level
a - Beastly Appendage     Tmut           16%        N/A       9%          1
b - Wereblood             Tmut           8%         N/A       13%         2

Your spell library contained the following spells:

 Spells                   Type           Power      Damage    Failure   Level
 Spider Form              Tmut/Pois      5%         N/A       38%         3
 Ice Form                 Ice/Tmut       5%         N/A       80%         4


Dungeon Overview and Level Annotations

Branches:
Dungeon (2/15)

Altars:


Innate Abilities, Weirdness & Mutations

You have temporarily grown beastly horns.
You have sharp claws.
You have razor-sharp teeth.
You have supernaturally acute eyesight. (SInv)
You cover ground quickly. (Speed+)
You are covered in fur. (AC +1)
Your paws help you pounce on unaware monsters.
You are incapable of wielding weapons or throwing items.
You cannot wear armour.
You gain extra lives every three experience levels.


Message History

You grow a pair of large bovine horns.
The adder hisses angrily.
You miss the adder. The adder closely misses you. The adder bites you.
You completely miss the adder. You bite the adder.
The adder is moderately wounded.
The adder bites you.
You scratch the adder but do no damage.
The adder is moderately wounded.
The adder closely misses you.
You miss the adder. Your headbutt misses the adder.
The adder is moderately wounded.
The adder completely misses you.
You closely miss the adder. Your headbutt misses the adder.
The adder is lightly wounded.
The adder bites you. The adder completely misses you.
You scratch the adder. Your headbutt misses the adder.
The adder is heavily wounded.
The adder closely misses you.
You completely miss the adder. Your bite misses the adder.
The adder is heavily wounded.
The adder bites you.
You are lethally poisoned!
The adder poisons you!
You are too injured to fight recklessly!
You are too injured to fight recklessly!
You are too injured to fight recklessly!
You scratch the adder.
The adder is severely wounded.
Your transformation is almost over.
You feel sick. The adder closely misses you.
You barely miss the adder.
You headbutt the adder, but do no damage.
The adder is severely wounded.
* * * LOW HITPOINT WARNING * * *
You feel sick. The adder completely misses you.
You barely miss the adder. You headbutt the adder.
The adder is almost dead.
* * * LOW HITPOINT WARNING * * *
You feel sick. The adder barely misses you. The adder bites you.
You die...

.# .# .#
### .# ...
.# ##.# .#
#..#...##.#
.......S@.+
##.#...####
##.. ##. #.
#. .. #.


You could see an adder.

Vanquished Creatures
  4 ball pythons (D:1)
  4 bats (D:1)
  An endoplasm (D:1)
  A giant cockroach (D:1)
  A goblin (D:1)
  2 hobgoblins (D:1)
  5 kobolds (D:1)
  A frilled lizard (D:1)
  2 rats (D:1)
21 creatures vanquished.

Notes
Turn   | Place    | Note
-------+----------+-------------------------------------------
     0 | D:1      | concernfroge the Felid Transmuter began the quest for the
                  | Orb.
     0 | D:1      | Reached XP level 1. HP: 9/9 MP: 4/4
   230 | D:1      | Reached XP level 2. HP: 11/12 MP: 6/6
   260 | D:1      | Learned a level 2 spell: Wereblood
   946 | D:1      | Reached skill level 1 in Stealth
  1357 | D:2      | Slain by an adder

Illustrated notes

Levels and vault maps discovered:
D:1:      lemuel_arrival_behind_the_door_small, layout_loops_ring
D:2:      layout_loops_corners, serial_shops, shop, uniq_terence, uniq_natasha

Skill      XL: |  1  2 |
---------------+-------+-----
Dodging        | 3 |  3.1
Stealth        | 1 |  1.0
Fighting       | |  1.4
Unarmed Combat | |  3.2
Spellcasting   | |  2.1
Transmutations | |  2.5

Action                   || total
-------------------------++-------
Melee: Unarmed           ||    69
       Headbutt          ||     8
       Bite              ||     5
       Punch             ||     1
 Cast: Beastly Appendage ||    13
 Stab: Sleeping          ||     3
Armor: Skin              ||     3
Dodge: Dodged            ||    56
